 Dungeon Crawl Stone Soup version 0.27.1-2-g3b301248ec (webtiles) character file.

Game seed: 1690771190842380420

65 Metae the Skirmisher (level 3, -11/34 HPs)
             Began as a Minotaur Fighter on Sept 22, 2021.
             Mangled by an ogre (23 damage)
             ... on level 3 of the Dungeon.
             The game lasted 00:02:55 (1416 turns).

Metae the Skirmisher (Minotaur Fighter)             Turns: 1416, Time: 00:02:56

Health: -11/34     AC:  8    Str: 21    XL:     3   Next: 94%
Magic:  2/2        EV:  7    Int:  5    God:
Gold:   9          SH:  9    Dex:  9    Spells: 2/2 levels left

rFire    . . .     SeeInvis .   a - +0 trident
rCold    . . .     Faith    .   c - +0 kite shield
rNeg     . . .     Spirit   .   b - +0 scale mail
rPois    .         Reflect  .   (helmet restricted)
rElec    .         Harm     .   h - +0 cloak
rCorr    .         Rampage  .   (no gloves)
Will     .....                  (no boots)
Stlth    ..........             (no amulet)
HPRegen  0.11/turn              (no ring)
MPRegen  0.08/turn              (no ring)

@: no status effects
A: horns 2, retaliatory headbutt
a: no special abilities


You were on level 3 of the Dungeon.
You visited 1 branch of the dungeon, and saw 3 of its levels.

You collected 59 gold pieces.
You spent 50 gold pieces at shops.

Inventory:

Hand Weapons
 a - a +0 trident (weapon)
Armour
 b - a +0 scale mail (worn)
 c - a +0 kite shield (worn)
 h - a +0 cloak (worn)
Scrolls
 g - a scroll of enchant armour {unknown}
Potions
 d - a potion of might
 e - 2 potions of berserk rage {unknown}
 f - a potion of flight {unknown}
 i - 2 potions of attraction {unknown}
 j - 2 potions of heal wounds


   Skills:
 + Level 4.3 Fighting
 + Level 3.2 Polearms
 + Level 4.2 Armour
 + Level 0.3 Dodging
 + Level 4.3 Shields


You had 2 spell levels left.
You didn't know any spells.
Your spell library contained the following spells:

 Spells                   Type           Power      Damage    Failure   Level
 Animate Skeleton         Necr           0%         N/A       99%         1
 Pain                     Necr           0%         1d4       99%         1
 Vampiric Draining        Necr           0%         2d6       100%        3


Dungeon Overview and Level Annotations

Branches:
Dungeon (3/15)

Altars:

Shops:
D:1 !


Innate Abilities, Weirdness & Mutations

You have a pair of horns on your head.
You reflexively headbutt those who attack you in melee.


Message History

The goblin hits you but does no damage. The goblin completely misses you.
You completely miss the goblin.
The goblin is severely wounded.
The goblin hits you but does no damage.
You completely miss the goblin. Your headbutt misses the goblin.
The goblin is severely wounded.
You block the goblin's attack. x2
You hit the goblin.
You kill the goblin!
The orc hits you but does no damage.
You hit the orc but do no damage. You block the orc's attack.
You barely miss the orc. You headbutt the orc!
You kill the orc!
The rat bites you but does no damage.
You puncture the rat!
You kill the rat!
Things that are here:
a +0 hand axe; a +0 scale mail; a +0 club
Things that are here:
a +0 hand axe; a +0 scale mail; a +0 club A goblin comes into view.
It is wielding a +0 dagger.
You closely miss the goblin.
The goblin shouts!
You block the goblin's attack.
You closely miss the goblin. The goblin hits you with a +0 dagger.
The goblin barely misses you. You furiously retaliate!
You headbutt the goblin!
You kill the goblin!
You see here a +0 dagger.
An ogre comes into view. It is wielding a +0 giant club.
The ogre shouts!
You hit the ogre.
The ogre is lightly wounded.
The ogre hits you with a +0 giant club!!
Ouch! That really hurt!
You puncture the ogre! Your headbutt misses the ogre.
The ogre is heavily wounded.
An orc comes into view. It is wielding a +0 club.
The ogre hits you with a +0 giant club!!
Ouch! That really hurt!
You die...

#.....# #.....####
#.....+..#
#.....##.####
+............
#......#.####
#..#.#.#.#
##########.#.#.#)#
#..O@.#....#.#.#<#
##.##.##.#.#.#...####
#o #.##.##.#.###.#...
# #..#..#.#.# #.#...
##.##)##.#.###.####
#..#..#..#.........
##.##.#........###.
#)##.##.##...#...#.
#.....# #.#.#.....


You could see an ogre and an orc.

Vanquished Creatures
  An orc wizard (D:2)
  3 orcs
  3 ball pythons
  2 bats (D:1)
  3 endoplasms (D:1)
  A giant cockroach (D:1)
  4 goblins
  6 hobgoblins
  2 jackals (D:1)
  2 kobolds
  A quokka (D:1)
  2 frilled lizards
  3 rats
33 creatures vanquished.

Notes
Turn   | Place    | Note
-------+----------+-------------------------------------------
     0 | D:1      | Metae the Minotaur Fighter began the quest for the Orb.
     0 | D:1      | Reached XP level 1. HP: 19/19 MP: 0/0
   109 | D:1      | Reached XP level 2. HP: 22/27 MP: 1/1
   375 | D:1      | Found a faded altar of an unknown god.
   379 | D:1      | Found Cedez's Distillery.
   635 | D:2      | Reached XP level 3. HP: 26/33 MP: 2/2
  1235 | D:1      | Bought a potion of heal wounds for 50 gold pieces
  1414 | D:3      | Noticed an ogre
  1416 | D:3      | Mangled by an ogre

Illustrated notes

Levels and vault maps discovered:
D:1:      dpeg_arrival_rooms_c, layout_rooms, basic_ecumenical_altar,
          serial_shops, shop_statue
D:2:      layout_basic
D:3:      minmay_angry_zag, layout_basic, nicolae_elyvilon_peaceful_grove,
          okawaru_metal_pillars_1_2, minmay_misc_feat_secret_circle

Skill      XL: |  1  2  3 |
---------------+----------+-----
Fighting       | 4 |  4.3
Armour         | 4 |  4.2
Shields        | 4 |  4.3
Polearms       | 3 |  3.2
Dodging        | |  0.3

Action                   || total
-------------------------++-------
Melee: Trident           ||   115
       Headbutt          ||    13
Armor: Scale mail        ||    51
Dodge: Dodged            ||    39
Block: Kite shield       ||    59
